 Dungeon Crawl Stone Soup version 0.27.1-34-g3ba077fa99 (webtiles) character file.

Game seed: 13374319144099084459

39 zeram the Sneak (level 3, 0/25 HPs)
             Began as a Gnoll Enchanter on Jan 9, 2022.
             Slain by an adder (4 damage)
             ... on level 2 of the Dungeon.
             The game lasted 00:03:13 (1418 turns).

zeram the Sneak (Gnoll Enchanter)                   Turns: 1418, Time: 00:03:13

Health: 0/25       AC:  2    Str:  7    XL:     3   Next: 45%
Magic:  2/9        EV: 13    Int: 15    God:
Gold:   41         SH:  0    Dex: 12    Spells: 4/12 levels left

rFire    . . .     SeeInvis +   a - +1 dagger
rCold    . . .     Faith    .   (no shield)
rNeg     . . .     Spirit   .   b - +0 robe
rPois    +         Reflect  .   (no helmet)
rElec    .         Harm     .   (no cloak)
rCorr    .         Rampage  .   (no gloves)
Will     .....                  (no boots)
Stlth    +++.......             (no amulet)
HPRegen  0.08/turn              g - ring of poison resistance
MPRegen  0.11/turn              c - ring of see invisible

@: no status effects
A: fangs 1, strong nose, distributed training
a: no special abilities


You were on level 2 of the Dungeon.
You visited 1 branch of the dungeon, and saw 2 of its levels.

You collected 41 gold pieces.

Inventory:

Hand Weapons
 a - a +1 dagger (weapon)
 e - a +0 dagger
Armour
 b - a +0 robe (worn)
Jewellery
 c - a ring of see invisible (right hand)
 g - a ring of poison resistance (left hand)
Scrolls
 d - a scroll of amnesia
 f - 3 scrolls of magic mapping {unknown}


   Skills:
 + Level 0.8 Fighting
 + Level 2.6 Short Blades
 + Level 0.8 Long Blades
 + Level 0.8 Axes
 + Level 0.8 Maces & Flails
 + Level 0.8 Polearms
 + Level 0.8 Staves
 + Level 0.8 Slings
 + Level 0.8 Bows
 + Level 0.8 Crossbows
 + Level 0.8 Throwing
 + Level 0.8 Armour
 + Level 4.5 Dodging
 + Level 6.0 Stealth
 + Level 0.8 Shields
 + Level 0.8 Unarmed Combat
 + Level 5.0 Spellcasting
 + Level 0.5 Conjurations
 + Level 5.4 Hexes
 + Level 0.5 Summonings
 + Level 0.5 Necromancy
 + Level 0.5 Translocations
 + Level 0.5 Transmutations
 + Level 0.5 Fire Magic
 + Level 0.5 Ice Magic
 + Level 0.5 Air Magic
 + Level 0.5 Earth Magic
 + Level 0.5 Poison Magic
 + Level 1.0 Invocations
 + Level 0.8 Evocations


You had 4 spell levels left.
You knew the following spells:

 Your Spells              Type           Power      Damage    Failure   Level
a - Call Canine Familiar  Summ           5%         N/A       36%         3
b - Ensorcelled Hibernat  Hex/Ice        24%        N/A       7%          2
c - Tukima's Dance        Hex            20%        N/A       5%          3

Your spell library contained the following spells:

 Spells                   Type           Power      Damage    Failure   Level
 Corona                   Hex            22%        N/A       1%          1
 Confusing Touch          Hex            20%        N/A       5%          3
 Summon Small Mammal      Summ           20%        N/A       13%         1
 Dazzling Flash           Conj/Hex       24%        N/A       14%         3
 Summon Guardian Golem    Hex/Summ       12%        N/A       14%         3


Dungeon Overview and Level Annotations

Branches:
Dungeon (2/15)

Altars:
Zin


Innate Abilities, Weirdness & Mutations

You have very sharp teeth.
Your uncanny sense of smell can sniff out nearby items.
Your experience applies equally to all skills.


Message History

Press: ? - help, Shift-Dir - straight line, f/p - adder
Aim: an adder (chance to affect: 51%)
The adder resists with some effort.
The adder bites you.
Casting: Ensorcelled Hibernation (safe; 7% risk of failure)
Confirm with . or Enter, or press ? or * to list all spells.
You don't have enough magic to cast this spell.
Unknown command.
You hit the adder.
The adder is moderately wounded.
The adder bites you.
You miss the adder.
The adder is moderately wounded.
The adder misses you.
You hit the adder.
The adder is moderately wounded.
The adder bites you but does no damage.
You miss the adder.
The adder is moderately wounded.
The adder misses you.
You hit the adder. Your bite misses the adder.
The adder is heavily wounded.
The adder closely misses you.
You hit the adder.
The adder is severely wounded.
The adder barely misses you. The adder bites you.
You hit the adder but do no damage. You bite the adder, but do no damage.
The adder is severely wounded.
The adder bites you.
* * * LOW HITPOINT WARNING * * *
You barely miss the adder.
The adder is severely wounded.
The adder bites you.
* * * LOW HITPOINT WARNING * * *
You miss the adder.
The adder is severely wounded.
The adder closely misses you.
You closely miss the adder.
The adder is severely wounded.
The adder bites you.
You die...

#...... ####..#...
#.......#. # ###
.####.....#### #.
#..........)......
#.##.##.#######....##
#.........# #...<..
#.......# #...###
#S@##.# # ##### ##
#.....#.#
...#.##..#.#
####..#.......# ...
............###....
......###...(......
.............#..$. #
.###...=#..#..# .. #
...........#..# #


You could see an adder.

Vanquished Creatures
  A dart slug (D:1)
  2 ball pythons
  2 bats (D:1)
  4 endoplasms
  2 giant cockroaches
  3 goblins (D:1)
  5 hobgoblins
  A jackal (D:1)
  A kobold (D:1)
  A quokka (D:1)
  6 frilled lizards
  5 rats
33 creatures vanquished.

Notes
Turn   | Place    | Note
-------+----------+-------------------------------------------
     0 | D:1      | zeram the Gnoll Enchanter began the quest for the Orb.
     0 | D:1      | Reached XP level 1. HP: 13/13 MP: 6/6
    54 | D:1      | Reached XP level 2. HP: 17/19 MP: 7/7
   569 | D:1      | Reached XP level 3. HP: 7/25 MP: 9/9
   578 | D:1      | Reached skill level 5 in Spellcasting
   867 | D:1      | Reached skill level 6 in Stealth
  1124 | D:1      | Learned a level 2 spell: Ensorcelled Hibernation
  1128 | D:1      | Learned a level 3 spell: Call Canine Familiar
  1132 | D:1      | Learned a level 3 spell: Tukima's Dance
  1143 | D:2      | Found a faded altar of an unknown god.
  1270 | D:2      | Reached skill level 1 in Invocations
  1331 | D:2      | Found a glowing silver altar of Zin.
  1418 | D:2      | Slain by an adder

Illustrated notes

Levels and vault maps discovered:
D:1:      erik_arrival_blinker_ship, layout_basic, minmay_surrounded
D:2:      layout_loops_cross, basic_altar, hellmonk_ecumenical_altar_blasted

Skill      XL: |  1  2  3 |
---------------+----------+-----
Spellcasting   | 5 |  5.0
Stealth        | 6 |  6.0
Invocations    | 1 |  1.0
Fighting       | |  0.8
Short Blades   | |  2.6
Long Blades    | |  0.8
Axes           | |  0.8
Maces & Flails | |  0.8
Polearms       | |  0.8
Staves         | |  0.8
Slings         | |  0.8
Bows           | |  0.8
Crossbows      | |  0.8
Throwing       | |  0.8
Armour         | |  0.8
Dodging        | |  4.5
Shields        | |  0.8
Unarmed Combat | |  0.8
Conjurations   | |  0.5
Hexes          | |  5.4
Summonings     | |  0.5
Necromancy     | |  0.5
Translocations | |  0.5
Transmutations | |  0.5
Fire Magic     | |  0.5
Ice Magic      | |  0.5
Air Magic      | |  0.5
Earth Magic    | |  0.5
Poison Magic   | |  0.5
Evocations     | |  0.8

Action                   || total
-------------------------++-------
Melee: Dagger            ||   125
       Bite              ||     8
 Cast: Ensorcelled Hiber ||     7
       Corona            ||     2
  Use: Scroll            ||     3
 Stab: Sleeping          ||    12
Armor: Robe              ||    18
Dodge: Dodged            ||    83
